Description

Gemini's CIA + Disruptor build updated for High Templar

VOD

https://www.youtube.com/watch?v=3Seqh9MyTkY

Replay - 2025-01-31 - (P)Gemini VS (Z)A.I. 1 (Very Easy)

Build Order

Get SALT Encoding   

  12  0:00  Probe  
  13  0:12  Probe  
  14  0:17  Pylon  
  14  0:24  Probe  
  15  0:32  Probe  
  15  0:38  Gateway  
  15  0:40  Probe  
  16  0:47  Assimilator  
  17  0:51  Probe  
  18  1:03  Probe  
  19  1:20  Nexus  
  19  1:23  Probe  
  20  1:35  Cybernetics Core  
  20  1:37  Probe  
  21  1:45  Assimilator  
  21  1:49  Probe  
  21  1:52  Pylon  
  22  2:01  Adept (Chrono Boost)  Send across map to scout for early aggression or lair
  23  2:11  Warp Gate  
  27  2:29  Stargate  Build this in between your bases, as far away from overlords as possible
  28  2:34  Stalker  keep in wall
  35  3:02  Oracle  This can be an oracle OR a void ray to kill overlords
  37  3:05  Adept  
  43  3:16  Pylon  Get vision of your main
  44  3:22  Gateway  Complete wall at natural
  45  3:29  Oracle  Scout with this
  46  3:38  Pylon  At 3rd base
  53  3:57  Nexus  Defend with 2 adepts between pylon and nexus
  53  4:00  Pylon  At 3rd base, for wall at 3rd
  55  4:11  Assimilator x2  
  55  4:22  Shield Battery  
  57  4:30  Twilight Council  
  57  4:31  Forge  
  57  4:36  Protoss Ground Weapons Level 1  
  59  4:50  Gateway x3, Charge  
  61  4:56  Gateway  
  63  5:04  Zealot x2  
  68  5:15  Templar Archives  
  71  5:30  Gateway x2  
  77  5:53  High Templar x4  
  77  5:55  Zealot x2  
  91  6:00  Archon x2  
  91  6:04  Robotics Facility  
  91  6:06  Assimilator x2  
  91  6:17  Zealot x2  
  99  6:26  Zealot x4  
  112  6:47  Protoss Ground Weapons Level 2  
  112  6:49  Immortal  
  112  6:52  Psionic Storm  
  115  6:59  Photon Cannon x2  
  115  7:09  Nexus  
  115  7:10  High Templar x3  
  121  7:21  High Templar  
  123  7:28  Observer  
  118  7:31  Photon Cannon x3  
  116  7:37  Sentry, Photon Cannon  
  116  7:40  Shield Battery  
  124  7:46  Immortal  
  124  7:47  Robotics Facility  
  128  7:56  Assimilator x2  
  128  7:59  Photon Cannon  
  128  8:02  High Templar x2  
  145  8:20  Archon, Immortal  
  145  8:33  Immortal  
  158  8:52  Archon  
  166  8:57  Immortal  
  170  9:03  Stargate x2  
  170  9:06  Fleet Beacon  
  170  9:28  Immortal  
  178  9:47  Nexus  
  184  9:57  Assimilator  
Spawning Tool Build Advisor. Get it on Overwolf

Analysis

The disruptor version of this build is already on Spawning Tool, but as Gemini mentioned, disruptors have been weakened so he substitutes high templar for splash. Storm DPS has also been weakened though, so you'll have to use it as more of a zoning tool with its larger area and longer duration. For example, zerg usually attacks from 2 sides, so you can storm ahead of one half of the army and attack the other side, forcing them to walk through the storms if they want to use their whole army.

Go to:

Details

  • Created by: flashandfoul
  • Published on: Jan 29, 2026
  • Modified on: Mar 15, 2026
  • Patch: 5.0.11
  • Difficulty: Easy
Show
View Real Time Build Order
Export as new Build Order

Comments (0)

There are no comments. Be the first!

Create an account to comment!